[Event "Titled Tuesday Blitz April 12 Late 2022"]
[White "Van Foreest, Jorden"]
[Black "Koziorowicz, Michal"]
[WhiteFideId "1039784"]
[BlackFideId "21809194"]
[WhiteElo "2609"]
[BlackElo "2235"]
[Result "1-0"]
[Round "02"]
[TimeControl "180+1"]
[Date "2022.04.12"]
[WhiteClock "0:00:44"]
[BlackClock "0:00:23"]

1. f4 f5 2. Nf3 Nf6 3. g3 g6 4. Bg2 Bg7 5. O-O O-O 6. d3 d6 7. Nc3 Nc6 8. e4 e5 9. fxe5 dxe5 10. Be3 f4 11. Bc5 Re8 12. gxf4 exf4 13. Qd2 Nh5 14. Rae1 Bg4 15. Nd5 Ne5 16. Nxe5 Bxe5 17. d4 Bd6 18. Bxd6 Qxd6 19. e5 Qa6 20. Rxf4 Nxf4 21. Nf6+ Kg7 22. Qxf4 Bf5 23. Nxe8+ Rxe8 24. Be4 Bxe4 25. Qxe4 Qxa2 26. Qxb7 Qc4 27. c3 Re7 28. Rf1 Qe2 29. Qf3 Qxf3 30. Rxf3 Rd7 31. Kf2 Rd5 32. Ke3 a5 33. Ke4 Rb5 34. Rf2 c6 35. e6 a4 36. c4 Rb8 37. d5 cxd5+ 38. cxd5 Rb4+ 39. Ke5 Rxb2 40. Rxb2 1-0


[Site "https://www.chess.com"]

[Event "Titled Tuesday Blitz April 12 Late 2022"]
[White "Vasquez Schroeder, Rodrigo"]
[Black "Yedidia, Daniel"]
[WhiteFideId "3400042"]
[BlackFideId "30905907"]
[WhiteElo "2561"]
[BlackElo "2613"]
[Result "1-0"]
[Round "02"]
[TimeControl "180+1"]
[Date "2022.04.12"]
[WhiteClock "0:01:01"]
[BlackClock "0:00:05"]

1. e4 e5 2. Nf3 Nc6 3. Bb5 a6 4. Ba4 Nf6 5. O-O Be7 6. Re1 b5 7. Bb3 O-O 8. a4 b4 9. d4 d6 10. dxe5 Nxe5 11. Nbd2 Bb7 12. Nxe5 dxe5 13. Qf3 Qd4 14. c3 bxc3 15. bxc3 Qd7 16. Nc4 Bd6 17. Bg5 Ne8 18. Rad1 Qc6 19. Nxd6 Nxd6 20. Be7 Rfc8 21. Bxd6 cxd6 22. Qxf7+ Kh8 23. Bd5 Qc7 24. Qxc7 Rxc7 25. Bxb7 Rxb7 26. Rxd6 Rb3 27. Rc6 Ra3 28. Rc4 h6 29. g3 Rf8 30. Kg2 Ra2 31. Rf1 Rd8 32. Rc5 Rxa4 33. Rxe5 Rc4 34. Ra1 Rd6 35. Rea5 Rxe4 36. Rxa6 Rd2 37. R1a2 Rd1 38. R6a4 Ree1 39. Rc2 Kh7 40. c4 g5 41. h3 h5 42. c5 Rc1 43. Rac4 Rg1+ 44. Kf3 Ra1 45. c6 Ra8 46. c7 Rc8 47. Rc5 Rh1 48. Rxg5 Rxh3 49. Kg2 1-0


[Site "https://www.chess.com"]

[Event "Titled Tuesday Blitz April 12 Late 2022"]
[White "Vusatiuk, Vladimir"]
[Black "Antonova, Nadezhda"]
[WhiteFideId "14118610"]
[BlackFideId "14700182"]
[WhiteElo "2157"]
[BlackElo "1789"]
[Result "1-0"]
[Round "02"]
[TimeControl "180+1"]
[Date "2022.04.13"]
[WhiteClock "0:00:11"]
[BlackClock "0:00:02"]

1. d4 Nf6 2. c4 g6 3. Nc3 Bg7 4. e4 d6 5. h3 O-O 6. Be3 e5 7. d5 Nh5 8. Be2 Nf4 9. Bf3 f5 10. g3 fxe4 11. Nxe4 Qe8 12. gxf4 exf4 13. Bd4 Bf5 14. Qd3 Nd7 15. Bxg7 Kxg7 16. Qd4+ Kh6 17. Ne2 Ne5 18. Bg4 f3 19. N2g3 Bxe4 20. Qxe4 Nxc4 21. Be6 Nxb2 22. Qh4+ Kg7 23. Qd4+ Kh6 24. Qxb2 c6 25. O-O-O cxd5 26. Rhe1 Qc8+ 27. Kb1 Qc7 28. Rd4 1-0


[Site "https://www.chess.com"]

[Event "Titled Tuesday Blitz April 12 Late 2022"]
[White "Winkels, Marcel"]
[Black "Avramidou, Anastasia"]
[WhiteFideId "1003887"]
[BlackFideId "4239873"]
[WhiteElo "1900"]
[BlackElo "2183"]
[Result "0-1"]
[Round "02"]
[TimeControl "180+1"]
[Date "2022.04.13"]
[WhiteClock "0:00:03"]
[BlackClock "0:00:48"]

1. e4 c6 2. d4 g6 3. Nc3 Bg7 4. f4 d5 5. e5 Nh6 6. Nf3 O-O 7. Bd3 f6 8. O-O e6 9. Bd2 c5 10. dxc5 Nd7 11. exf6 Bxf6 12. Qe2 Nxc5 13. Ne5 Nxd3 14. cxd3 Nf5 15. Rac1 Qb6+ 16. Qf2 Qxb2 17. Rb1 Qa3 18. Rb3 Qd6 19. Nb5 Qd8 20. Bb4 Re8 21. Nd6 Nxd6 22. Qg3 Nf5 23. Qg4 Ne3 24. Qg3 Nxf1 25. Kxf1 Bg7 26. Bc3 d4 27. Bb4 Bd7 28. h4 Ba4 29. Rb2 Qf6 30. Rf2 a5 31. Bd6 Rad8 32. Nc4 Bb5 33. Be5 Qf5 34. Nd6 Qxd3+ 35. Qxd3 Bxd3+ 36. Kg1 Rf8 0-1


[Site "https://www.chess.com"]

[Event "Titled Tuesday Blitz April 12 Late 2022"]
[White "Xie, Bryan"]
[Black "Karas, Marek"]
[WhiteFideId "30941296"]
[BlackFideId "14928558"]
[WhiteElo "1899"]
[BlackElo "2271"]
[Result "0-1"]
[Round "02"]
[TimeControl "180+1"]
[Date "2022.04.13"]
[WhiteClock "0:01:11"]
[BlackClock "0:02:14"]

1. e4 e6 2. d4 d5 3. Nc3 Nf6 4. e5 Nfd7 5. f4 c5 6. Nf3 Nc6 7. Be3 Be7 8. Qd2 O-O 9. O-O-O c4 10. f5 b5 11. g4 b4 12. Ne2 c3 13. bxc3 Qa5 14. Kb1 Nb6 15. Nc1 bxc3 16. Qe1 Qa3 17. Nd3 Nb4 18. Qxc3 Qxc3 19. Bd2 Qxc2+ 0-1


[Site "https://www.chess.com"]

[Event "Titled Tuesday Blitz April 12 Late 2022"]
[White "Yanchenko, Roman"]
[Black "Miszler, Levente"]
[WhiteFideId "4137329"]
[BlackFideId "763276"]
[WhiteElo "2752"]
[BlackElo "2388"]
[Result "1-0"]
[Round "02"]
[TimeControl "180+1"]
[Date "2022.04.13"]
[WhiteClock "0:00:49"]
[BlackClock "0:00:04"]

1. d4 Nf6 2. c4 e6 3. Nf3 b6 4. Nc3 Bb7 5. Bf4 Be7 6. e3 O-O 7. Be2 Ne4 8. Qc2 f5 9. O-O d6 10. Nxe4 Bxe4 11. Qd2 Nd7 12. h3 g5 13. Bg3 h6 14. b4 Nf6 15. Rfd1 Qe8 16. c5 Qg6 17. cxd6 Bxd6 18. Bxd6 cxd6 19. Rac1 Bxf3 20. Bxf3 d5 21. Qd3 h5 22. Rc6 g4 23. hxg4 hxg4 24. Be2 Ne4 25. g3 Rf7 26. Bf1 Rh7 27. Bg2 Ng5 28. Rdc1 Rf8 29. Kf1 Rh2 30. Rc8 Qh5 31. Bxd5 Rh1+ 32. Bxh1 Qxh1+ 33. Ke2 Qf3+ 34. Ke1 Ne4 35. Qe2 Qg2 36. a4 1-0


[Site "https://www.chess.com"]

[Event "Titled Tuesday Blitz April 12 Late 2022"]
[White "Zanette, Edgard Vinicius"]
[Black "Kovanova, Baira"]
[WhiteFideId "2109263"]
[BlackFideId "4164083"]
[WhiteElo "2182"]
[BlackElo "2190"]
[Result "1-0"]
[Round "02"]
[TimeControl "180+1"]
[Date "2022.04.13"]
[WhiteClock "0:00:04"]
[BlackClock "0:00:36"]

1. e4 e5 2. Nf3 Nc6 3. Bb5 a6 4. Ba4 Nge7 5. O-O g6 6. c3 Bg7 7. d4 exd4 8. cxd4 b5 9. Bb3 d6 10. h3 O-O 11. a4 Bb7 12. Nc3 b4 13. Nd5 Na5 14. Nxe7+ Qxe7 15. Re1 Nxb3 16. Qxb3 c5 17. dxc5 dxc5 18. Bg5 Qc7 19. Rac1 a5 20. Be3 Bxe4 21. Bxc5 Rfe8 22. Bf8 Qb7 23. Bxg7 Kxg7 24. Re3 Rac8 25. Rce1 Bc6 26. Rxe8 Rxe8 27. Rxe8 Bxe8 28. Qe3 Bxa4 29. Qe5+ f6 30. Qxa5 Bc6 31. Ne1 Qe7 32. Kf1 b3 33. f3 Qd7 34. Kf2 Qd4+ 35. Kg3 h5 36. Qc7+ Bd7 37. Kh2 Kh6 38. Qg3 h4 39. Qc7 Be6 40. f4 Bd5 41. Qd6 f5 42. Nf3 Qe4 43. Qf8+ Kh7 44. Ng5# 1-0


[Site "https://www.chess.com"]

[Event "Titled Tuesday Blitz April 12 Late 2022"]
[White "Zhou, Qiyu"]
[Black "Savchenko, Boris"]
[WhiteFideId "505161"]
[BlackFideId "4147332"]
[WhiteElo "2368"]
[BlackElo "2741"]
[Result "0-1"]
[Round "02"]
[TimeControl "180+1"]
[Date "2022.04.13"]
[WhiteClock "0:00:08"]
[BlackClock "0:00:11"]

1. e4 c6 2. d4 d5 3. e5 Bf5 4. Nf3 e6 5. Be2 Be7 6. O-O c5 7. Be3 Nc6 8. c4 dxc4 9. Bxc4 Nh6 10. dxc5 Ng4 11. Bf4 Qxd1 12. Rxd1 Bxc5 13. Bg3 h5 14. h3 h4 15. hxg4 Bxb1 16. Bxh4 Be4 17. Bg3 Ke7 18. Bh4+ Kf8 19. Bg3 Ke7 20. Bh4+ Rxh4 21. Nxh4 g5 22. Nf3 Bxf3 23. gxf3 Nxe5 24. Be2 Ng6 25. Rac1 Bd6 26. Bf1 Rb8 27. Rc2 Bf4 28. Bb5 Ne5 29. Kf1 a6 30. Ba4 Kf6 31. Ke2 Rh8 32. Bb3 Rh2 33. Rf1 Rh3 34. Rc3 b5 35. a3 a5 36. Bd1 b4 37. axb4 axb4 38. Rb3 Nc6 39. Rd3 Be5 40. b3 Nd4+ 41. Kd2 Bf4+ 42. Ke1 Ke5 43. Rg1 Rh8 44. Kf1 Kd5 45. Kg2 Rh2+ 46. Kf1 e5 47. Rg2 Rh1+ 48. Rg1 Rh2 49. Rg2 Rh6 50. Rg1 Rh8 51. Kg2 e4 52. fxe4+ Kxe4 53. Be2 Nxe2 54. Rd7 Nxg1 55. Re7+ Be5 56. Kxg1 f6 57. Kg2 Rh2+ 58. Kf1 Kf3 59. Ke1 Rh1+ 60. Kd2 Rf1 61. Rb7 Rxf2+ 62. Kd3 Re2 63. Kc4 Re3 64. Rxb4 Re4+ 65. Kb5 Rxb4+ 66. Kxb4 Kxg4 67. Kc5 Kf3 68. b4 g4 69. b5 g3 0-1


[Site "https://www.chess.com"]

[Event "Titled Tuesday Blitz April 12 Late 2022"]
[White "Abdyzhapar, Asylbek"]
[Black "Dauner, Benedikt"]
[WhiteFideId "13800337"]
[BlackFideId "16225899"]
[WhiteElo "2696"]
[BlackElo "2507"]
[Result "0-1"]
[Round "03"]
[TimeControl "180+1"]
[Date "2022.04.13"]
[WhiteClock "0:00:43"]
[BlackClock "0:00:26"]

1. e4 Nf6 2. e5 Nd5 3. d4 d6 4. Nf3 g6 5. c4 Nb6 6. exd6 cxd6 7. h3 Bg7 8. Be2 O-O 9. O-O Nc6 10. Be3 Bf5 11. Nc3 d5 12. c5 Nc4 13. Bxc4 dxc4 14. d5 Nb4 15. a3 Nc2 16. Rc1 Bxc3 17. bxc3 Nxe3 18. fxe3 Bd3 19. e4 Bxe4 20. d6 Bd3 21. Rf2 exd6 22. cxd6 Qxd6 23. a4 Rae8 24. Nd4 Re4 25. Qf3 f5 26. Ra1 Rfe8 27. Qd1 Qe5 28. Qd2 Re1+ 29. Rxe1 Qxe1+ 30. Qxe1 Rxe1+ 31. Kh2 Rc1 32. Rb2 b6 33. Nc6 Rxc3 34. Nxa7 Rb3 35. Rd2 Be4 36. Rd8+ Kg7 37. Rc8 c3 38. Nb5 c2 39. Nd4 Rb2 40. Kg3 g5 41. h4 c1=Q 42. Ne6+ Kf6 43. hxg5+ Kxe6 44. Rxc1 Rxg2+ 45. Kf4 Rg4+ 46. Ke3 Rxg5 47. Rc7 Rg3+ 48. Kd4 Rd3+ 49. Kc4 Rd1 50. Rxh7 f4 51. Rh6+ Ke5 52. Rxb6 Rc1+ 53. Kb4 Rb1+ 54. Kc5 Rxb6 55. Kxb6 f3 56. a5 f2 57. a6 f1=Q 58. a7 Qb1+ 59. Kc7 Qb7+ 60. Kd8 Qxa7 61. Ke8 Ke6 62. Kf8 Qf7# 0-1


[Site "https://www.chess.com"]

[Event "Titled Tuesday Blitz April 12 Late 2022"]
[White "Adewumi, Tanitoluwa"]
[Black "Svane, Frederik"]
[WhiteFideId "30966396"]
[BlackFideId "12923044"]
[WhiteElo "2536"]
[BlackElo "2459"]
[Result "0-1"]
[Round "03"]
[TimeControl "180+1"]
[Date "2022.04.12"]
[WhiteClock "0:00:02"]
[BlackClock "0:01:01"]

1. e4 c5 2. Nf3 e6 3. d4 cxd4 4. Nxd4 Nc6 5. Nc3 a6 6. Be3 Nf6 7. Be2 d6 8. O-O Be7 9. f4 O-O 10. Bf3 Nxd4 11. Bxd4 Rb8 12. Ba7 Ra8 13. Bd4 Qc7 14. a4 e5 15. Be3 Be6 16. a5 exf4 17. Bxf4 Nd7 18. Nd5 Bxd5 19. Qxd5 Ne5 20. c3 Bf6 21. Be2 g6 22. Rfd1 Rfd8 23. g3 Qe7 24. Ra4 Rd7 25. Rb4 Rc8 26. Bxe5 Bxe5 27. Bg4 Rc5 28. Qxc5 dxc5 29. Rxd7 Qg5 30. Rbxb7 Qxg4 31. Rxf7 Qd1+ 32. Rf1 Qe2 33. Re7 Qe3+ 34. Rf2 Qe1+ 35. Rf1 Qxe4 36. Rff7 Qe3+ 37. Kg2 Qe2+ 38. Kg1 Qd1+ 39. Rf1 Qd6 40. Rff7 Bf6 41. Rd7 Qe6 42. Rg7+ Bxg7 43. Rxg7+ Kxg7 0-1


[Site "https://www.chess.com"]

[Event "Titled Tuesday Blitz April 12 Late 2022"]
[White "Afshar, Niusha"]
[Black "Janturin, Artur"]
[WhiteFideId "12509892"]
[BlackFideId "4130022"]
[WhiteElo "1862"]
[BlackElo "2357"]
[Result "0-1"]
[Round "03"]
[TimeControl "180+1"]
[Date "2022.04.13"]
[WhiteClock "0:01:49"]
[BlackClock "0:01:00"]

1. e4 a6 2. d4 b5 3. Nf3 Bb7 4. Bd3 Nf6 5. e5 Nd5 6. Be4 e6 7. O-O c5 8. dxc5 Bxc5 9. c3 Qb6 10. b4 Be7 11. Bxd5 Bxd5 12. Be3 Qb7 13. Nbd2 O-O 14. Qc2 Nc6 15. Nd4 Nxe5 16. Bf4 Ng6 17. Bg3 Bxg2 18. Rfe1 Bd5 19. Ne4 Bxe4 20. Rxe4 Rfc8 21. Qd3 Rc4 22. Rae1 Rac8 23. Ne2 Rxe4 0-1


[Site "https://www.chess.com"]

[Event "Titled Tuesday Blitz April 12 Late 2022"]
[White "Akrakan"]
[Black "Shapiro, David"]
[BlackFideId "24133523"]
[WhiteElo "2174"]
[BlackElo "2320"]
[Result "0-1"]
[Round "03"]
[TimeControl "180+1"]
[Date "2022.04.13"]
[WhiteClock "0:02:22"]
[BlackClock "0:02:20"]

1. e4 c6 2. Nc3 d5 3. Qf3 dxe4 4. Nxe4 Nf6 5. Bc4 Nbd7 6. Ne2 Ne5 7. Qb3 Nxe4 8. d4 Nxc4 9. Qxc4 Bf5 10. O-O e6 11. Be3 Bd6 12. f3 Nf6 13. Qb3 Qb6 14. Qc3 Nd5 15. Qd2 Nxe3 16. Qxe3 O-O 17. b3 c5 18. g4 Bxc2 19. Rac1 cxd4 20. Nxd4 Bc5 0-1


[Site "https://www.chess.com"]

[Event "Titled Tuesday Blitz April 12 Late 2022"]
[White "Alekseenko, Kirill"]
[Black "Leitao, Rafael"]
[WhiteFideId "4135539"]
[BlackFideId "2101246"]
[WhiteElo "2682"]
[BlackElo "2609"]
[Result "1-0"]
[Round "03"]
[TimeControl "180+1"]
[Date "2022.04.12"]
[WhiteClock "0:00:08"]
[BlackClock "0:00:07"]

1. e4 c5 2. Nf3 d6 3. d4 cxd4 4. Nxd4 Nf6 5. Nc3 Nc6 6. Nb3 g6 7. Be3 Bg7 8. Qd2 O-O 9. O-O-O a5 10. f3 a4 11. Nd4 d5 12. Ndb5 a3 13. b3 Nb4 14. Kb1 Be6 15. Bc5 Na6 16. Bxa3 dxe4 17. Qxd8 Rfxd8 18. Rxd8+ Rxd8 19. fxe4 Nxe4 20. Bb2 Nxc3+ 21. Bxc3 Rd1+ 22. Kb2 Nb4 23. Bxg7 Kxg7 24. Nc3 Re1 25. g3 Bf5 26. Bg2 Re5 27. Bxb7 Nxc2 28. a4 Nb4 29. Ka3 Nc2+ 30. Kb2 Nb4 31. Nb5 Rc5 32. Rf1 Rc2+ 33. Ka3 Nd3 34. Nd4 Rc3 35. Nxf5+ gxf5 36. Bd5 e6 37. Bc4 Ne5 38. Kb4 Rc2 39. a5 Ra2 40. Bb5 Ng4 41. a6 Ne3 42. Rc1 Nd5+ 43. Kc5 Kf6 44. Ba4 Nc7 45. a7 1-0


[Site "https://www.chess.com"]

[Event "Titled Tuesday Blitz April 12 Late 2022"]
[White "Andreikin, Dmitry"]
[Black "O`Gorman, Tom"]
[WhiteFideId "4158814"]
[BlackFideId "2508249"]
[WhiteElo "2736"]
[BlackElo "2247"]
[Result "1-0"]
[Round "03"]
[TimeControl "180+1"]
[Date "2022.04.12"]
[WhiteClock "0:01:58"]
[BlackClock "0:01:25"]

1. d4 Nf6 2. c4 g6 3. Nc3 Bg7 4. e4 d6 5. h3 O-O 6. Be3 e5 7. d5 a5 8. Bd3 Na6 9. Nge2 Nd7 10. g4 Ndc5 11. Bb1 c6 12. Qd2 cxd5 13. exd5 f5 14. gxf5 Bxf5 15. Bxf5 Rxf5 16. Ng3 Rf8 17. Nge4 b6 18. O-O-O Qh4 19. Nxd6 Rad8 20. Bg5 Qxf2 21. Qxf2 1-0


[Site "https://www.chess.com"]

[Event "Titled Tuesday Blitz April 12 Late 2022"]
[White "Ansh M Shah"]
[Black "Harish, Neeraj"]
[WhiteFideId "25033379"]
[BlackFideId "30958130"]
[WhiteElo "1819"]
[BlackElo "1574"]
[Result "0-1"]
[Round "03"]
[TimeControl "180+1"]
[Date "2022.04.13"]
[WhiteClock "0:00:04"]
[BlackClock "0:01:20"]

1. d4 d5 2. c4 c6 3. cxd5 cxd5 4. Nc3 Nf6 5. Bf4 Nc6 6. Nf3 Bf5 7. e3 e6 8. Qb3 Qd7 9. Bb5 Bd6 10. Ne5 Bxe5 11. Bxe5 O-O 12. Bxf6 gxf6 13. h4 h6 14. O-O-O a6 15. Bd3 Bxd3 16. Rxd3 b5 17. Kb1 Na5 18. Qd1 Nc4 19. Rh3 b4 20. Na4 Qb5 21. Nc5 a5 22. Qh5 Kh7 23. Rf3 f5 24. g4 Ne5 25. dxe5 Qxc5 26. Rd1 Rac8 27. Ka1 Qc1+ 28. Rxc1 Rxc1# 0-1


[Site "https://www.chess.com"]

[Event "Titled Tuesday Blitz April 12 Late 2022"]
[White "Antonova, Nadezhda"]
[Black "Bachmann, Axel"]
[WhiteFideId "14700182"]
[BlackFideId "3700488"]
[WhiteElo "1789"]
[BlackElo "2587"]
[Result "0-1"]
[Round "03"]
[TimeControl "180+1"]
[Date "2022.04.13"]
[WhiteClock "0:00:03"]
[BlackClock "0:00:18"]

1. Nf3 Nf6 2. b3 g6 3. Bb2 Bg7 4. g3 O-O 5. Bg2 d6 6. d4 a5 7. O-O a4 8. b4 c5 9. dxc5 dxc5 10. bxc5 Na6 11. a3 Nxc5 12. Nbd2 Qb6 13. Rb1 Qa6 14. Re1 Bg4 15. h3 Bf5 16. Nd4 Bd7 17. e3 Rfd8 18. Bc3 Rac8 19. Bb4 b6 20. Qc1 e5 21. N4f3 Nfe4 22. Nxe4 Nxe4 23. Qb2 Re8 24. Nd2 Nc5 25. Ne4 Nxe4 26. Bxe4 Bxh3 27. Red1 Rc4 28. Bd3 Qa8 29. Bf1 Bxf1 30. Kxf1 Qh1+ 31. Ke2 Qh5+ 32. Kf1 e4 33. Qa2 Rec8 34. Rd2 Bc3 35. Bxc3 Rxc3 36. Rxb6 Qh1+ 37. Ke2 Qf3+ 38. Ke1 Rxe3+ 39. fxe3 Qxe3+ 40. Re2 Qg1+ 41. Kd2 Qxb6 42. Rxe4 Qf2+ 43. Kc1 Qg1+ 44. Kb2 Qxg3 45. Re7 Qc3+ 46. Kb1 Rb8+ 47. Kc1 Qf6 48. Re2 Qf1+ 49. Kd2 Rd8+ 50. Ke3 Re8+ 51. Kd4 Qxe2 52. Qd5 Qd2+ 53. Kc4 Rc8+ 0-1


[Site "https://www.chess.com"]

[Event "Titled Tuesday Blitz April 12 Late 2022"]
[White "Artemiev, Vladislav"]
[Black "Plotnikov, Pavel"]
[WhiteFideId "24101605"]
[BlackFideId "4170342"]
[WhiteElo "2811"]
[BlackElo "2298"]
[Result "1-0"]
[Round "03"]
[TimeControl "180+1"]
[Date "2022.04.12"]
[WhiteClock "0:01:41"]
[BlackClock "0:00:19"]

1. Nf3 Nf6 2. g3 g6 3. b3 Bg7 4. Bb2 O-O 5. Bg2 d5 6. c4 c6 7. O-O Re8 8. Qc2 Na6 9. d3 Bf5 10. Nbd2 Rc8 11. Rac1 Qd7 12. Rfe1 Nb4 13. Qb1 dxc4 14. Nxc4 Red8 15. Nce5 Qe8 16. Ng5 Be6 17. Nxe6 fxe6 18. Bh3 Rd6 19. Nc4 g5 20. a3 Nbd5 21. e4 g4 22. Bg2 Nb6 23. e5 1-0


[Site "https://www.chess.com"]

[Event "Titled Tuesday Blitz April 12 Late 2022"]
[White "Avramidou, Anastasia"]
[Black "Maksimovic, Bojan"]
[WhiteFideId "4239873"]
[BlackFideId "14408120"]
[WhiteElo "2479"]
[BlackElo "2679"]
[Result "0-1"]
[Round "03"]
[TimeControl "180+1"]
[Date "2022.04.13"]
[WhiteClock "0:00:11"]
[BlackClock "0:00:04"]

1. d4 d5 2. c4 dxc4 3. Nf3 Nf6 4. e3 Bg4 5. Bxc4 e6 6. h3 Bh5 7. Nc3 Nc6 8. Bb5 Bd6 9. g4 Bg6 10. Qa4 O-O 11. Bd2 Ne7 12. Nh4 a6 13. Be2 b5 14. Qb3 c5 15. Nxg6 Nxg6 16. dxc5 Bxc5 17. O-O-O Qc7 18. Kb1 Rfd8 19. Bc1 h6 20. f4 Nh4 21. Rdg1 b4 22. Na4 g6 23. g5 hxg5 24. Rxg5 Ne4 25. Rg4 Nf5 26. Rhg1 Kg7 27. Bd3 Nf2 28. Bxf5 exf5 29. R4g2 Ne4 30. Rc2 Qd6 31. Nxc5 Nxc5 32. Qxb4 Ne4 33. Qxd6 Rxd6 34. h4 Rh8 35. Rh2 Kf6 36. b3 Ke6 37. Bb2 Rh5 38. Bd4 Rc6 39. Kb2 Nd6 40. a4 Ne4 41. Rc1 Rxc1 42. Kxc1 Kd5 43. Kc2 f6 44. Kd3 g5 45. fxg5 fxg5 46. b4 gxh4 47. b5 axb5 48. axb5 h3 49. b6 Kc6 50. Ke2 Ng5 51. Kf2 Rh6 52. Kg3 Ne6 53. Be5 Rg6+ 54. Kxh3 Ng5+ 55. Kh4 Nf3+ 56. Kh5 Nxe5 57. Rc2+ Kb7 58. Rb2 Rg4 59. Rf2 Re4 60. Rxf5 Rxe3 61. Rf6 Nc6 62. Rf4 Kxb6 63. Kg4 Kc5 64. Rf3 Ne5+ 0-1


[Site "https://www.chess.com"]

[Event "Titled Tuesday Blitz April 12 Late 2022"]
[White "Babazada, Khazar"]
[Black "Nakamura, Hikaru"]
[WhiteFideId "13413554"]
[BlackFideId "2016192"]
[WhiteElo "2406"]
[BlackElo "2850"]
[Result "0-1"]
[Round "03"]
[TimeControl "180+1"]
[Date "2022.04.12"]
[WhiteClock "0:00:09"]
[BlackClock "0:00:06"]

1. e4 c6 2. Nc3 d5 3. d4 g6 4. Nf3 dxe4 5. Nxe4 Nf6 6. Nxf6+ exf6 7. Bc4 Bg7 8. O-O O-O 9. h3 Nd7 10. c3 b5 11. Bb3 Nb6 12. Bf4 a5 13. a3 a4 14. Ba2 Re8 15. Re1 Ra7 16. Qd2 Be6 17. Bxe6 fxe6 18. Re2 Qd5 19. Rae1 Rae7 20. Qc2 g5 21. Bg3 Nd7 22. Nd2 f5 23. Bh2 f4 24. Qe4 e5 25. Qxd5+ cxd5 26. Nf3 e4 27. Nxg5 h6 28. Nxe4 dxe4 29. Bxf4 Nb6 30. f3 Nd5 31. Bd6 Rd7 32. Rxe4 Rxe4 33. fxe4 Nxc3 34. e5 Nd5 35. Rc1 Nf4 36. Rc8+ Kf7 37. Kf2 Nd5 38. Kf3 Nb6 39. Rb8 Nc4 40. Bc5 Ke6 41. Rxb5 Rd5 42. Rb4 Nxe5+ 43. Ke4 Nd7 44. Ba7 Ra5 45. Rb7 Bf8 46. Bb8 Nf6+ 47. Kd3 Ra6 48. Be5 Nd7 49. Bf4 Nf6 50. Be5 Be7 51. g4 h5 52. g5 Nd7 53. Bf4 Nf8 54. h4 Ng6 55. Bg3 Kf5 56. d5 Kg4 57. Bf2 Bd6 58. Ke4 Ra8 59. Rb6 Re8+ 60. Kd3 Nf4+ 61. Kc4 Re4+ 62. Kb5 Be5 63. g6 Re2 64. Bc5 Nxd5 65. g7 Bxg7 66. Rg6+ Kxh4 67. Rxg7 Rxb2+ 68. Kxa4 Nc3+ 69. Ka5 Rb5+ 70. Ka6 Rxc5 71. a4 Nxa4 0-1


[Site "https://www.chess.com"]

[Event "Titled Tuesday Blitz April 12 Late 2022"]
[White "Bach, Matthias"]
[Black "Swicarz, Maciej"]
[WhiteFideId "4603168"]
[BlackFideId "1113585"]
[WhiteElo "2165"]
[BlackElo "2057"]
[Result "0-1"]
[Round "03"]
[TimeControl "180+1"]
[Date "2022.04.13"]
[WhiteClock "0:01:39"]
[BlackClock "0:01:27"]

1. d4 f5 2. e4 fxe4 3. Nc3 Nf6 4. f3 d5 5. Bg5 Nc6 6. Bb5 Bf5 7. Nge2 exf3 8. gxf3 e6 9. O-O Bd6 10. Ng3 Bxg3 11. hxg3 O-O 12. g4 Bg6 13. Re1 Qd6 14. Qd2 Nxd4 15. Kg2 Nxc2 16. Bf4 Qb6 17. Rac1 Nxe1+ 18. Rxe1 d4 19. Bc4 dxc3 20. bxc3 Rae8 0-1


[Site "https://www.chess.com"]

[Event "Titled Tuesday Blitz April 12 Late 2022"]
[White "Baches Garcia, Guillermo"]
[Black "Shuvalova, Polina"]
[WhiteFideId "2209764"]
[BlackFideId "24171760"]
[WhiteElo "2505"]
[BlackElo "2693"]
[Result "1-0"]
[Round "03"]
[TimeControl "180+1"]
[Date "2022.04.13"]
[WhiteClock "0:00:05"]
[BlackClock "0:00:03"]

1. e4 c5 2. Nf3 d6 3. d4 cxd4 4. Nxd4 Nf6 5. Nc3 Nc6 6. Nd5 Nxd5 7. exd5 Qa5+ 8. Bd2 Qxd5 9. Nb5 Qe6+ 10. Be2 Qd7 11. c4 a6 12. Nc3 e6 13. O-O Be7 14. Na4 Bd8 15. Bf4 e5 16. Be3 O-O 17. Qb3 Nd4 18. Bxd4 exd4 19. Nb6 Bxb6 20. Qxb6 d5 21. Qxd4 dxc4 22. Qxc4 b5 23. Qb3 Bb7 24. Bf3 Bxf3 25. Qxf3 Rac8 26. Rad1 Qe6 27. b3 Rfe8 28. g3 Rc2 29. a4 b4 30. Rd3 g6 31. Rfd1 Re2 32. Kg2 a5 33. h4 h5 34. Rd7 Re5 35. R1d6 Qf5 36. Qxf5 Rxf5 37. Rd5 Ree5 38. Rxe5 Rxe5 39. Rb7 Kf8 40. Kf3 Ke8 41. Ra7 Rc5 42. Kg2 Kf8 43. Kf3 Kg7 44. Kg2 Kf6 45. Kf1 Ke6 46. Kg2 f6 47. Ra6+ Kf5 48. Ra7 g5 49. hxg5 fxg5 50. Ra8 Kg4 51. Rb8 h4 52. gxh4 gxh4 53. Rb5 h3+ 54. Kh2 Rc2 55. Rxa5 Rxf2+ 56. Kh1 Rf1+ 57. Kh2 Rb1 58. Rb5 Rb2+ 59. Kh1 Rxb3 60. Rb8 Rb1+ 61. Kh2 Rb2+ 62. Kh1 Kg3 63. Rg8+ Kf3 64. Rb8 Ke4 65. a5 Kf3 66. a6 Kg3 67. Rg8+ Kf4 68. a7 Rb1+ 69. Kh2 Rb2+ 70. Kxh3 Ra2 71. a8=Q Rxa8 72. Rxa8 Ke3 73. Rb8 1-0


[Site "https://www.chess.com"]

[Event "Titled Tuesday Blitz April 12 Late 2022"]
[White "Batsiashvili, Nino"]
[Black "Sochacki, Christophe"]
[WhiteFideId "13602993"]
[BlackFideId "662569"]
[WhiteElo "2192"]
[BlackElo "2480"]
[Result "0-1"]
[Round "03"]
[TimeControl "180+1"]
[Date "2022.04.13"]
[WhiteClock "0:00:02"]
[BlackClock "0:00:15"]

1. d4 Nc6 2. g3 d6 3. Bg2 e5 4. dxe5 Nxe5 5. Nf3 c6 6. O-O Nf6 7. Nxe5 dxe5 8. Qxd8+ Kxd8 9. b3 Bf5 10. Bb2 Bd6 11. c4 Re8 12. Nc3 Kc7 13. Na4 Rad8 14. Rfd1 Nd7 15. Bc3 f6 16. Rd2 Nc5 17. Rxd6 Kxd6 18. Rd1+ Kc7 19. Rxd8 Rxd8 20. Nb2 Ne4 21. Be1 g5 22. g4 Bg6 23. h4 gxh4 24. Kh2 Ng5 25. e3 h3 26. Bh1 e4 27. Kg3 h5 28. Bc3 Rf8 29. gxh5 Bxh5 30. c5 b6 31. cxb6+ axb6 32. Nc4 Bf3 33. Bxf3 exf3 34. Nd2 Rh8 35. Bxf6 h2 36. Bxh8 h1=Q 37. Be5+ Kd7 38. Nc4 Qg2+ 39. Kf4 b5 40. Nd6 Ke6 41. Ne8 Nh3+ 42. Ke4 Nxf2+ 43. Kd4 c5+ 44. Kxc5 Kxe5 0-1


[Site "https://www.chess.com"]

[Event "Titled Tuesday Blitz April 12 Late 2022"]
[White "Bernat, David"]
[Black "Khamzin, Olzhas"]
[WhiteFideId "2099225"]
[BlackFideId "13701690"]
[WhiteElo "2295"]
[BlackElo "2155"]
[Result "0-1"]
[Round "03"]
[TimeControl "180+1"]
[Date "2022.04.13"]
[WhiteClock "0:00:06"]
[BlackClock "0:00:43"]

1. c4 e5 2. g3 Nf6 3. Bg2 Bb4 4. a3 Bc5 5. Nc3 a5 6. e3 O-O 7. Nge2 c6 8. d4 exd4 9. Nxd4 d6 10. O-O Qe7 11. Rb1 Na6 12. Na4 Rd8 13. Bd2 Nc7 14. b4 axb4 15. axb4 Bxd4 16. exd4 Bf5 17. Ra1 Re8 18. Nb6 Rxa1 19. Qxa1 Ne6 20. Re1 Qd8 21. c5 dxc5 22. bxc5 Nxd4 23. Rxe8+ Nxe8 24. Be3 Ne6 25. Qa8 Qxa8 26. Nxa8 N8c7 27. Nb6 Na6 28. Nd7 Nec7 29. Bf1 Bxd7 0-1


[Site "https://www.chess.com"]